 Dungeon Crawl Stone Soup version 0.27-a0-994-g5030419646 (webtiles) character file.

Game seed: 16899242791919225712

17866 Ijustatesigmund the Fighter (level 12, -6/99 HPs)
             Began as a Demonspawn Fighter on Apr 16, 2021.
             Was a Priest of Cheibriados.
             Mangled by a skeletal warrior
             ... wielding a +0 hand axe
             ... led by a skeletal warrior
              (14 damage)
             ... on level 11 of the Dungeon.
             The game lasted 00:31:04 (14643 turns).

Ijustatesigmund the Fighter (Demonspawn Fighter)   Turns: 14643, Time: 00:31:05

Health: -6/99      AC: 19    Str: 25    XL:     12   Next: 22%
Magic:  17/17      EV: 11    Int: 20    God:    Cheibriados [***...]
Gold:   1477       SH: 25    Dex: 23    Spells: 10/11 levels left

rFire    . . .     SeeInvis .   a - +2 war axe
rCold    . . .     Faith    .   o - +2 tower shield {rN+}
rNeg     + . .     Spirit   .   b - +0 acid dragon scales
rPois    .         Reflect  +   (no helmet)
rElec    .         Harm     .   h - +0 cloak
rCorr    +         Rampage  .   w - +0 pair of gloves
Will     .....     Rnd*Tele +   (no boots)
Stlth    ++........             g - amulet of reflection
HPRegen  0.26/turn              d - ring of resist corrosion
MPRegen  0.15/turn              f - +6 ring of intelligence

@: unable to read, sanguine armoured, very slow
A: powered by death 2, spiny 3, sanguine armour 2, dopey 1, strong 1,
teleportitis 1, inability to read while threatened
a: Renounce Religion, Bend Time, Temporal Distortion


You were on level 11 of the Dungeon.
You worshipped Cheibriados.
Cheibriados was most pleased with you.
You visited 2 branches of the dungeon, and saw 14 of its levels.

You collected 1477 gold pieces.

Inventory:

Hand Weapons
 a - a +2 war axe (weapon)
 u - the +6 flail of World Downfall {vorpal, rF+ Int+5}
   (You found it on level 9 of the Dungeon)

   It inflicts extra damage upon your enemies.
   It affects your intelligence (+5).
   It protects you from fire.
Missiles
 s - 3 curare-tipped darts
 y - 2 throwing nets (quivered)
Armour
 b - +0 acid dragon scales (worn)
 c - a +0 kite shield
 h - a +0 cloak (worn)
 o - a +2 tower shield of positive energy (worn)
 w - a +0 pair of gloves (worn)
Jewellery
 d - a ring of resist corrosion (left hand)
 f - a +6 ring of intelligence (right hand)
 g - an amulet of reflection (around neck)
 v - a +4 ring of protection
Wands
 k - a wand of mindburst (12)
 m - a wand of flame (43)
 n - a wand of acid (7)
 p - a wand of charming (11)
Scrolls
 e - 8 scrolls of identify
 q - a scroll of brand weapon {unknown}
 r - 2 scrolls of magic mapping
 t - a scroll of amnesia
 x - a scroll of fear
Potions
 i - a potion of resistance
 j - a potion of attraction


   Skills:
 + Level 10.9 Fighting
 + Level 10.4(10.5) Axes
 - Level 2.0(6.9) Polearms
 - Level 5.6 Armour
 + Level 4.6 Dodging
 + Level 8.1 Shields
 + Level 3.3 Translocations
 + Level 7.3 Invocations


You had 10 spell levels left.
You knew the following spells:

 Your Spells              Type           Power      Damage    Failure   Level
a - Apportation           Tloc           26%        N/A       47%         1

Your spell library contained the following spells:

 Spells                   Type           Power      Damage    Failure   Level
 Blink                    Tloc           N/A        N/A       63%         2
 Animate Skeleton         Necr           0%         N/A       90%         1
 Corona                   Hex            0%         N/A       90%         1
 Magic Dart               Conj           0%         1d3       90%         1
 Summon Small Mammal      Summ           0%         N/A       90%         1
 Call Imp                 Summ           0%         N/A       97%         2
 Slow                     Hex            0%         N/A       97%         2
 Conjure Flame            Conj/Fire      0%         6-21      99%         3
 Mephitic Cloud           Conj/Pois/Air  0%         N/A       99%         3


Dungeon Overview and Level Annotations

Branches:
Dungeon (13/15)            Temple (1/1) D:7            Lair (0/6) D:8
    Orc (0/2) D:12
 Vaults: D:13-14

Altars:
Ashenzari
Cheibriados
Dithmenos
Elyvilon
Fedhas
Gozag
Hepliaklqana
Kikubaaqudgha
Makhleb
Nemelex Xobeh
Okawaru
Qazlal
Ru
Sif Muna
Trog
Uskayaw
Vehumet
Wu Jian
Xom
Yredelemnul
Zin
The Shining One

Shops:
D:7 :


Innate Abilities, Weirdness & Mutations

You regenerate health from kills.
You are completely covered in sharp spines.
When seriously injured, your bleeding wounds create thick armour. (AC +9)
You are dopey. (Int -2)
Your muscles are strong. (Str +2)
You are occasionally teleported next to monsters.
You sometimes lose the ability to read scrolls when taking damage.


Message History

You block the skeletal warrior's attack.
You hit the skeletal warrior but do no damage.
The skeletal warrior is moderately damaged.
You block the skeletal warrior's attack.
You hit the skeletal warrior.
The skeletal warrior is heavily damaged.
You block the skeletal warrior's attack.
You hit the skeletal warrior.
The skeletal warrior is heavily damaged.
You block the skeletal warrior's attack.
The skeletal warrior closely misses you.
You hit the skeletal warrior.
The skeletal warrior is heavily damaged.
The skeletal warrior hits you with a +0 hand axe!!
* * * LOW HITPOINT WARNING * * *
You hit the skeletal warrior but do no damage.
The skeletal warrior is heavily damaged.
You block the skeletal warrior's attack. x2
You hit the skeletal warrior but do no damage.
The skeletal warrior is heavily damaged.
The skeletal warrior hits you but does no damage.
You closely miss the skeletal warrior.
The skeletal warrior is moderately damaged.
You block the skeletal warrior's attack.
You hit the skeletal warrior.
The skeletal warrior is heavily damaged.
You block the skeletal warrior's attack.
Aiming: Corrosive Bolt
Press: ? - help, Shift-Dir - straight line, f - skeletal warrior
Aim: a skeletal warrior, wielding a +0 hand axe and wearing a +0 plate armour (heavily damaged, 83% to hit)
The bolt of acid hits the skeletal warrior but does no damage.
The skeletal warrior is heavily damaged.
You block the skeletal warrior's attack.
You hit the skeletal warrior but do no damage.
The skeletal warrior is heavily damaged.
You can read scrolls again.
You block the skeletal warrior's attack.
The skeletal warrior hits you with a +0 hand axe!
You feel threatened and lose the ability to read scrolls!
You die...

#..# #..#
###################..############
.................................
########..###################.###
#..# #.# #..# #.#
########..###################.#
...............)@..........)..###
.............(..z................
##############...................
#...............####
#...............#
##############...............####
.................................
.................................
#########...................<..##


You could see a skeletal warrior.

Vanquished Creatures
  Snorg (D:11)
  Harold (D:7)
  A boulder beetle (D:11)
  3 two-headed ogres
  3 death yaks
  4 skeletal warriors
  Pikel (D:5)
  2 cyclopes
  A manticore (D:10)
  Psyche (D:8)
  Maggie (D:6)
  A yaktaur (D:12)
  A kobold demonologist (D:11)
  2 trolls
  Grinder (D:5)
  Sigmund (D:2)
  2 fire elementals (D:12)
  2 wraiths
  A basilisk (D:13)
  6 yaks
  A wyvern (D:8)
  Eustachio (D:6)
  Menkaure (D:7)
  An acid dragon (D:12)
  A hell hound (D:12)
  A water moccasin (D:8)
  2 ice beasts
  5 orc warriors
  A necrophage (D:5)
  An ogre (D:7)
  5 centaurs
  4 lemures (D:4)
  2 bullfrogs
  2 kobold brigands
  3 gnoll sergeants
  A scorpion (D:6)
  6 killer bees (D:4)
  11 wights
  2 howler monkeys
  2 hounds
  2 jellies (D:5)
  3 bullfrog zombies
  A jelly (shapeshifter) (D:12)
  2 gnoll shamans
  6 orc priests
  A centaur skeleton (D:6)
  A bullfrog skeleton (D:5)
  8 orc wizards
  A hell rat (D:8)
  3 iguanas
  2 killer bee zombies
  A hound skeleton (D:4)
  A howler monkey skeleton (D:7)
  2 howler monkey zombies
  23 gnolls
  6 adders
  3 river rats (D:8)
  A shadow imp (D:7)
  A white imp (D:7)
  2 worms (D:4)
  6 dart slugs
  25 orcs
  9 bats
  8 endoplasms
  4 giant cockroaches
  6 goblins
  5 hobgoblins
  5 jackals
  21 kobolds
  4 quokkas
  A ball python (D:4)
  3 frilled lizards
  7 rats
263 creatures vanquished.

Vanquished Creatures (others)
  Sonja (D:12)
  2 gnolls (D:12)
  3 plants (D:4)
6 creatures vanquished.

Grand Total: 269 creatures vanquished

Notes
Turn   | Place    | Note
-------+----------+-------------------------------------------
     0 | D:1      | Ijustatesigmund the Demonspawn Fighter began the quest for
                  | the Orb.
     0 | D:1      | Reached XP level 1. HP: 18/18 MP: 1/1
   174 | D:1      | Gained mutation: You are partially covered in sharp spines.
                  | [demonic ancestry]
   174 | D:1      | Reached XP level 2. HP: 22/24 MP: 2/2
   379 | D:1      | Reached skill level 1 in Dodging
   395 | D:1      | Gained mutation: You regenerate a little health from kills.
                  | [demonic ancestry]
   395 | D:1      | Reached XP level 3. HP: 24/29 MP: 3/3
   548 | D:1      | Found a faded altar of an unknown god.
  1120 | D:2      | Noticed Sigmund
  1131 | D:2      | Killed Sigmund
  1132 | D:2      | Reached XP level 4. HP: 9/37 MP: 4/4
  1132 | D:2      | Gained mutation: You are mostly covered in sharp spines.
                  | [demonic ancestry]
  1132 | D:2      | Reached XP level 5. HP: 10/42 MP: 5/5
  1798 | D:3      | HP: 1/42 [orc priest/divine providence (12)]
  1804 | D:3      | Reached XP level 6. HP: 42/48 MP: 6/6
  2660 | D:4      | Identified a scroll of acquirement
  2660 | D:4      | Acquired 853 gold pieces
  2722 | D:4      | Reached skill level 5 in Axes
  2823 | D:4      | Gained mutation: You are completely covered in sharp
                  | spines. [demonic ancestry]
  2823 | D:4      | Reached XP level 7. HP: 45/55 MP: 7/7
  2981 | D:4      | Reached skill level 1 in Polearms
  3409 | D:4      | Found the +3 sling "Punk" {acid, rCorr}
  3418 | D:4      | Reached skill level 5 in Fighting
  3825 | D:5      | Entered Level 5 of the Dungeon
  3962 | D:5      | Noticed Pikel
  3963 | D:5      | Noticed Grinder
  4278 | D:5      | Found a radiant altar of Vehumet.
  4407 | D:5      | Found a snail-covered altar of Cheibriados.
  4479 | D:5      | Found a shimmering blue altar of Sif Muna.
  4502 | D:5      | Gained mutation: You regenerate health from kills. [demonic
                  | ancestry]
  4502 | D:5      | Reached XP level 8. HP: 48/63 MP: 8/8
  5054 | D:5      | Killed Grinder
  5118 | D:6      | Noticed Eustachio
  5130 | D:6      | Killed Eustachio
  5352 | D:6      | Noticed Maggie
  5366 | D:6      | Killed Maggie
  5367 | D:6      | Reached skill level 5 in Armour
  5545 | D:6      | Reached XP level 9. HP: 67/70 MP: 9/9
  6237 | D:7      | Found a staircase to the Ecumenical Temple.
  6426 | D:7      | Noticed Menkaure
  6431 | D:7      | Killed Menkaure
  6587 | D:7      | Found Teshais's Book Boutique.
  6711 | D:7      | Noticed Harold
  6724 | D:7      | Killed Harold
  7097 | D:8      | Noticed a death yak
  7099 | D:8      | Noticed Psyche
  7100 | D:8      | Noticed a death yak
  7100 | D:8      | Noticed a death yak
  7736 | D:8      | Killed Psyche
  7737 | D:8      | Reached skill level 5 in Shields
  7737 | D:8      | Gained mutation: When seriously injured, your bleeding
                  | wounds create armour. (AC +9) [demonic ancestry]
  7737 | D:8      | Reached XP level 10. HP: 76/82 MP: 10/10
  7990 | D:8      | Found a staircase to the Lair.
  8016 | Temple   | Entered the Ecumenical Temple
  8020 | Temple   | HP: 4/82 [death yak (10)]
  8023 | Temple   | Killed a death yak
  8501 | D:7      | Killed a death yak
  8866 | D:5      | Killed Pikel
  9357 | D:5      | Became a worshipper of Cheibriados the Contemplative
  9478 | D:8      | Killed a death yak
 10295 | D:9      | Identified the +6 flail of World Downfall {vorpal, rF+
                  | Int+5}
 10567 | D:9      | Reached * piety under Cheibriados
 10572 | D:9      | Gained mutation: When seriously injured, your bleeding
                  | wounds create thick armour. (AC +9) [demonic ancestry]
 10572 | D:9      | Reached XP level 11. HP: 89/90 MP: 13/13
 11059 | D:10     | Entered Level 10 of the Dungeon
 11068 | D:10     | Noticed a two-headed ogre
 11075 | D:10     | Killed a two-headed ogre
 11076 | D:10     | Reached skill level 10 in Fighting
 11791 | D:10     | Found a sacrificial altar of Ru.
 11839 | D:10     | Reached skill level 5 in Invocations
 12259 | D:11     | Learned a level 1 spell: Apportation
 12334 | D:11     | Noticed a two-headed ogre
 12339 | D:11     | Killed a two-headed ogre
 12540 | D:11     | Noticed a boulder beetle
 12582 | D:11     | Killed a boulder beetle
 12583 | D:11     | Reached skill level 1 in Translocations
 12921 | D:11     | Reached ** piety under Cheibriados
 12951 | D:11     | Noticed a two-headed ogre
 12961 | D:11     | Killed a two-headed ogre
 12962 | D:11     | Reached skill level 10 in Axes
 13045 | D:11     | Noticed Snorg
 13062 | D:11     | Killed Snorg
 13630 | D:12     | Noticed Sonja
 13636 | D:12     | Killed Sonja
 13656 | D:12     | Noticed a boulder beetle
 13805 | D:13     | Reached XP level 12. HP: 99/99 MP: 17/17
 13943 | D:13     | Gained mutation: You sometimes lose the ability to read
                  | scrolls when taking damage. [potion of mutation]
 13943 | D:13     | Gained mutation: You are dopey. (Int -2) [potion of
                  | mutation]
 13943 | D:13     | Gained mutation: You are occasionally teleported next to
                  | monsters. [potion of mutation]
 13943 | D:13     | Gained mutation: Your muscles are strong. (Str +2) [potion
                  | of mutation]
 14545 | D:12     | Reached *** piety under Cheibriados
 14596 | D:12     | Found a staircase to the Orcish Mines.
 14643 | D:11     | Mangled by a skeletal warrior

Illustrated notes

Levels and vault maps discovered:
D:1:      lemuel_arrival_behind_the_door_large, layout_rooms,
          ebering_ecumenical_altar_rust, serial_park_tiny_2
D:2:      layout_loops_ring, uniq_sigmund
D:3:      layout_rooms
D:4:      layout_basic, serial_bayou_pond_b, item_on_display_a
D:5:      layout_layer_cave, cheibriados_altar_1, lemuel_blue_sif_altar,
          vehumet_crystals, uniq_grinder, uniq_pikel
D:6:      layout_rooms, uniq_eustachio, uniq_maggie
D:7:      layout_rooms, minmay_temple_entry_waves, serial_shops,
          nicolae_shop_behind_doors, uniq_menkaure, uniq_harold
D:8:      layout_basic, dpeg_lair_monsters, uniq_psyche
D:9:      layout_loops_cross, grunt_temple_overflow_open,
          hangedman_abyss_or_decor_slice, chequers_mini_garden,
          hangedman_abyss_or_decor_stagger
D:10:     layout_basic, nicolae_ru_great_annihilating_truth,
          ebering_dispersal_statue_hall, dk_noncrumbling_3,
          chequers_serial_rivers_micro_b
D:11:     layout_long_grid, uniq_snorg
D:12:     fort_yaktaur, layout_basic, orc_0_dummy, uniq_sonja, uniq_nessos,
          uniq_azrael
D:13:     layout_irregular_city, lightli_vaults_fourway_checkpoint,
          uniq_frances, uniq_rupert
Temple:   eino_temple_scatter_basement

Skill      XL: |  1  2  3  4  5  6  7  8  9 10 11 12 |
---------------+-------------------------------------+-----
Axes           | 2 4 5 6 8 9 10 | 10.4
Dodging        | 1 2 3 4 |  4.6
Fighting       | 4 5 7 8 9 10 | 10.9
Polearms       | 2 |  2.0
Armour         | 3 5 |  5.6
Shields        | 5 6 7 8 |  8.1
Invocations    | 3 6 7 |  7.3
Translocations | 2 3 |  3.3

Action                   |  1- 3 |  4- 6 |  7- 9 | 10-12 || total
-------------------------+-------+-------+-------+-------++-------
Melee: War axe           |    57 |    58 |   230 |   450 ||   795
Throw: Throwing net      |       |       |       |     4 ||     4
Invok: Bend Time         |       |       |       |     1 ||     1
Evoke: Wand              |       |       |     4 |    16 ||    20
  Use: Potion            |     2 |     4 |     3 |     3 ||    12
       Scroll            |     2 |     8 |     8 |     5 ||    23
 Stab: Held in net/web   |       |       |       |     1 ||     1
       Paralysed         |       |       |       |     1 ||     1
Armor: Scale mail        |    37 |    27 |    82 |    74 ||   220
       Acid dragon scale |       |       |       |     6 ||     6
Dodge: Dodged            |    15 |    26 |    66 |    91 ||   198
Block: Kite shield       |    27 |    35 |    87 |       ||   149
       Tower shield      |       |       |    76 |   595 ||   671
       Reflection        |       |       |       |    14 ||    14

Table legend: (Time is in decaauts)
 A = Elapsed time spent in this place.
 B = Non-inter-level travel time spent in this place.
 C = Inter-level travel time spent in this place.
 D = Time resting spent in this place.
 E = Time spent auto-exploring this place.
 F = Levels seen in this place.
 G = Mean time per level.
                   A        B        C        D        E       F      G
               +--------+--------+--------+--------+--------+-----+--------+
         Total |  15974 |  15517 |    457 |   5374 |   7823 |  14 | 1141.0 |
       Dungeon |  15503 |  15061 |    442 |   5098 |   7654 |  13 | 1192.5 |
        Temple |    471 |    456 |     15 |    276 |    169 |   1 |  471.0 |
               +--------+--------+--------+--------+--------+-----+--------+

Top non-repeatable levels by time:
     D:4: 2508 daAuts
    D:11: 1765 daAuts
     D:8: 1639 daAuts
    D:10: 1419 daAuts
     D:7: 1279 daAuts
     D:9: 1217 daAuts
     D:5: 1216 daAuts
     D:6: 1069 daAuts
    D:13: 977 daAuts
     D:1: 922 daAuts
     D:2: 834 daAuts
  Temple: 471 daAuts
     D:3: 429 daAuts
    D:12: 224 daAuts
